 Dungeon Crawl Stone Soup version 0.26.1-2-gb8aa6d0cf2 (webtiles) character file.

Game seed: 633388609341681713

1704226 Charly the Wrestler (level 27, 193/193 HPs)
             Began as a Demonspawn Delver on Mar 28, 2021.
             Was the Champion of Ru.
             Escaped with the Orb
             ... and 3 runes!
             The game lasted 06:01:52 (78572 turns).

Charly the Wrestler (Demonspawn Delver)            Turns: 78572, Time: 06:01:53

Health: 193/193    AC: 30    Str: 37 (38) XL:     27
Magic:  23/23      EV: 15    Int: 11 (12) God:    Ru [******]
Gold:   4784       SH: 25    Dex:  7 (8)  Spells: 20/26 levels left

rFire    + + +     SeeInvis +     - Unarmed
rCold    + + .     Faith    .   h - +2 tower shield
rNeg     + . .     Spirit   +   c - +4 storm dragon scales
rPois    +         Reflect  .   (helmet unavailable)
rElec    +         Harm     .   N - +0 cloak "Leuwn" {Will++ Stlth+}
rCorr    .         Rampage  .   (gloves unavailable)
Will     +++++                  (boots unavailable)
Stlth    ..........             W - amulet of Psychosis {rF+++ Will++ Regen+ Dex-3}
HPRegen  0.82/turn              I - ring of the Wild Haggis {AC+4 Str+9 Dex-5 Slay+3}
MPRegen  0.36/turn              n - ring of Spring {rC+ rN+ Str+8 Int+3 Dex-4}

@: no status effects
A: antennae 3, claws 3, talons 3, blurry vision 1, cold resistance 1,
deterioration 1, dopey 1, fire resistance 1, frail 1, foul stench 2, passive
freeze, sense surroundings 1, poison resistance, shaggy fur 1, magic shield,
magic regeneration, magic link, miasma immunity, freezing cloud immunity, no
stealth, no air magic, no translocations magic, no transmutations magic,
weak-willed 1, disrupted magic 1, unskilled 1
0: Orb of Zot
}: 3/15 runes: decaying, serpentine, silver
a: Renounce Religion, Draw Out Power, Power Leap, Apocalypse


You escaped.
You worshipped Ru.
Ru was exalted by your worship.
You visited 10 branches of the dungeon, and saw 50 of its levels.
You visited 1 ziggurat, and saw 7 of its levels.
You also visited: Sewer, Gauntlet, Ice Cave, Volcano and Desolation.

You collected 13594 gold pieces.
You spent 8810 gold pieces at shops.

Inventory:

Hand Weapons
 a - a +8 hand crossbow of freezing
Missiles
 L - 1967 bolts
Armour
 c - +4 storm dragon scales (worn)
 h - a +2 tower shield (worn)
 A - the +3 chain mail of Hedonism {rPois rN+ rCorr MP+9}
   (You found it in the Desolation of Salt)

   It protects you from poison.
   It protects you from negative energy.
   It affects your magic capacity (+9).
   It provides partial protection from all sources of acid and corrosion.
 E - the +2 cloak "Qyabbo" {+Blink rC+++ Int-4 Stlth+}
   (You acquired it on level 2 of the Swamp)

   It affects your intelligence (-4).
   It renders you almost immune to cold.
   It lets you blink.
   It makes you more stealthy.
 N - the +0 cloak "Leuwn" (worn) {Will++ Stlth+}
   (You found it on level 2 of the Vaults)

   It affects your willpower, your defense against some magical effects.
   It makes you more stealthy.
Jewellery
 m - the ring of the Tortoise {AC+8}
   (You found it on level 1 of the Realm of Zot)

   [ring of protection]

   It affects your AC (+8).
 n - the ring of Spring (right claw) {rC+ rN+ Str+8 Int+3 Dex-4}
   (You bought it in a shop on level 2 of the Orcish Mines)

   [ring of positive energy]

   It affects your strength (+8).
   It affects your intelligence (+3).
   It affects your dexterity (-4).
   It protects you from cold.
   It protects you from negative energy.
 p - the ring "Forget-Me-Not" {rPois AC+4 Str+2 SInv}
   (You acquired it on level 2 of the Vaults)

   [ring of protection]

   It affects your AC (+4).
   It affects your strength (+2).
   It protects you from poison.
   It lets you see invisible.
 I - the ring of the Wild Haggis (left claw) {AC+4 Str+9 Dex-5 Slay+3}
   (You bought it in a shop on level 4 of the Depths)

   [ring of protection]

   It affects your AC (+4).
   It affects your strength (+9).
   It affects your dexterity (-5).
   It affects your accuracy and damage with ranged weapons and melee attacks
   (+3).
 W - the amulet of Psychosis (around neck) {rF+++ Will++ Regen+ Dex-3}
   (You found it on level 1 of the Orcish Mines)

   [amulet of regeneration]

   It affects your dexterity (-3).
   It renders you almost immune to fire.
   It affects your willpower, your defense against some magical effects.
   It increases your rate of regeneration.
Wands
 j - a wand of iceblast (8)
 v - a wand of digging (14)
 J - a wand of paralysis (15)
 M - a wand of enslavement (9)
 V - a wand of acid (55)
Scrolls
 d - 6 scrolls of fog
 e - a scroll of summoning
 k - 4 scrolls of immolation
 o - 32 scrolls of teleportation
 y - 10 scrolls of fear
 z - 3 scrolls of blinking
 O - 6 scrolls of silence
 R - 9 scrolls of vulnerability
Potions
 g - 16 potions of heal wounds
 i - 4 potions of resistance
 q - 6 potions of might
 s - 2 potions of attraction
 t - 8 potions of magic
 u - 3 potions of cancellation
 w - 12 potions of flight
 B - 7 potions of haste
 D - 16 potions of curing
 H - 5 potions of ambrosia
 P - 2 potions of invisibility
 Q - 5 potions of mutation
 Y - 2 potions of berserk rage
Miscellaneous
 b - a phantom mirror
 f - a box of beasts
 F - a lightning rod (4/4)
 K - a phial of floods
 S - a tin of tremorstones (2/2)
 X - a condenser vane


   Skills:
 + Level 17.4 Fighting
 - Level 1.0(9.3) Short Blades
 - Level 13.9(14.0) Long Blades
 - Level 12.0 Crossbows
 + Level 20.1 Armour
 - Level 18.1 Dodging
 * Level 16.9 Shields
 * Level 23.8 Unarmed Combat
 - Level 13.6 Evocations


You had 20 spell levels left.
You knew the following spells:

 Your Spells              Type           Power        Failure   Level
i - Invisibility          Hex            0%           100%        6

Your spell library contained the following spells:

 Spells                   Type           Power        Failure   Level
 Animate Skeleton         Necr           0%           95%         1
 Corona                   Hex            0%           95%         1
 Foxfire                  Conj/Fire      0%           95%         1
 Freeze                   Ice            0%           95%         1
 Sandblast                Erth           0%           95%         1
 Summon Small Mammal      Summ           0%           95%         1
 Ensorcelled Hibernation  Hex/Ice        0%           99%         2
 Slow                     Hex            0%           99%         2
 Confusing Touch          Hex            0%           100%        3
 Conjure Flame            Conj/Fire      0%           100%        3
 Dazzling Flash           Conj/Hex       0%           100%        3
 Frozen Ramparts          Ice            0%           100%        3
 Inner Flame              Hex/Fire       0%           100%        3
 Ozocubu's Armour         Ice            0%           100%        3
 Stone Arrow              Conj/Erth      0%           100%        3
 Tukima's Dance           Hex            0%           100%        3
 Animate Dead             Necr           0%           100%        4
 Cause Fear               Hex            0%           100%        4
 Fulminant Prism          Conj/Hex       0%           100%        4
 Hailstorm                Conj/Ice       0%           100%        4
 Leda's Liquefaction      Hex/Erth       0%           100%        4
 Sticky Flame             Conj/Fire      0%           100%        4
 Summon Ice Beast         Ice/Summ       0%           100%        4
 Bolt of Magma            Conj/Fire/Erth 0%           100%        5
 Borgnjor's Vile Clutch   Necr/Erth      0%           100%        5
 Fireball                 Conj/Fire      0%           100%        5
 Iskenderun's Battlesphe  Conj           0%           100%        5
 Metabolic Englaciation   Hex/Ice        0%           100%        5
 Summon Demon             Summ           0%           100%        5
 Summon Mana Viper        Hex/Summ       0%           100%        5
 Death Channel            Necr           0%           100%        6
 Ozocubu's Refrigeration  Ice            0%           100%        6
 Shadow Creatures         Summ           N/A          100%        6
 Simulacrum               Ice/Necr       0%           100%        6
 Starburst                Conj/Fire      0%           100%        6
 Haunt                    Necr/Summ      0%           100%        7
 Spellforged Servitor     Conj/Summ      0%           100%        7
 Summon Hydra             Summ           0%           100%        7
 Borgnjor's Revivificati  Necr           0%           100%        8
 Discord                  Hex            0%           100%        8
 Ignition                 Fire           0%           100%        8
 Infestation              Necr           0%           100%        8
 Death's Door             Necr           0%           100%        9
 Dragon's Call            Summ           0%           100%        9
 Shatter                  Erth           0%           100%        9
 Apportation              Tloc           Unusable     N/A         1
 Beastly Appendage        Tmut           Unusable     N/A         1
 Blink                    Tloc           Unusable     N/A         2
 Corpse Rot               Necr/Air       Unusable     N/A         2
 Passwall                 Tmut/Erth      Unusable     N/A         2
 Poisonous Vapours        Pois/Air       Unusable     N/A         2
 Wereblood                Tmut           Unusable     N/A         2
 Gell's Gravitas          Tloc           Unusable     N/A         3
 Ignite Poison            Fire/Tmut/Pois Unusable     N/A         3
 Lesser Beckoning         Tloc           Unusable     N/A         3
 Mephitic Cloud           Conj/Pois/Air  Unusable     N/A         3
 Portal Projectile        Hex/Tloc       Unusable     N/A         3
 Spider Form              Tmut/Pois      Unusable     N/A         3
 Static Discharge         Conj/Air       Unusable     N/A         3
 Teleport Other           Tloc           Unusable     N/A         3
 Airstrike                Air            Unusable     N/A         4
 Ice Form                 Ice/Tmut       Unusable     N/A         4
 Passage of Golubria      Tloc           Unusable     N/A         4
 Petrify                  Tmut/Erth      Unusable     N/A         4
 Alistair's Intoxication  Tmut/Pois      Unusable     N/A         5
 Blade Hands              Tmut           Unusable     N/A         5
 Lightning Bolt           Conj/Air       Unusable     N/A         5
 Silence                  Hex/Air        Unusable     N/A         5
 Summon Forest            Summ/Tloc      Unusable     N/A         5
 Yara's Violent Unravell  Hex/Tmut       Unusable     N/A         5
 Eringya's Noxious Bog    Tmut/Pois      Unusable     N/A         6
 Freezing Cloud           Conj/Ice/Air   Unusable     N/A         6
 Hydra Form               Tmut           Unusable     N/A         6
 Statue Form              Tmut/Erth      Unusable     N/A         6
 Malign Gateway           Summ/Tloc      Unusable     N/A         7
 Necromutation            Tmut/Necr      Unusable     N/A         8
 Tornado                  Air            Unusable     N/A         9

Dungeon Overview and Level Annotations

Branches:
Dungeon (15/15)            Temple (1/1) D:5            Lair (6/6) D:9
  Swamp (4/4) Lair:2        Snake (4/4) Lair:3        Slime (0/5) Lair:6
    Orc (2/2) D:12            Elf (3/3) Orc:2        Vaults (5/5) D:13
  Crypt (0/3) Vaults:3     Depths (5/5) D:15            Zot (5/5) Depths:5
  Sewer (visited)           IceCv (visited)         Volcano (visited)
Desolation (visited)      Gauntlet (visited)

Altars:
Ashenzari
Cheibriados
Dithmenos
Elyvilon
Fedhas
Gozag
Hepliaklqana
Kikubaaqudgha
Makhleb
Nemelex Xobeh
Okawaru
Qazlal
Ru
Sif Muna
Trog
Uskayaw
Vehumet
Wu Jian
Xom
Yredelemnul
Zin
The Shining One
Beogh

Shops:
D:9 *   D:11 [   Orc:2 *[=(   Elf:3 (   Snake:1 ?(*   Vaults:1 }
Vaults:5 ?[}?:   Depths:4 }=}

Portals:
Hell: Depths:1 Depths:2 Depths:3 Depths:4 Depths:5
Abyss: Lair:6 Depths:2 Depths:4
Pandemonium: Depths:3

Annotations:
D:8 exclusion: door
Lair:6 2 transporters, kthxbai's ghost, journeyman DrTm
Zot:4 2 runed translucent doors, Ugih's ghost, legendary MiFi


Innate Abilities, Weirdness & Mutations

You have a pair of large antennae on your head. (SInv)
You have claws for hands.
You have claws for feet.
Your flesh is cold resistant. (rC+)
You are frail. (-10% HP)
You frequently emit foul miasma when damaged in melee.
A frigid envelope surrounds you and freezes all who hurt you.
When hurt, damage is shared between your health and your magic reserves.
You regenerate magic rapidly.
When low on magic, you restore magic in place of health.
You are immune to miasma.
You are immune to freezing clouds.
You cannot be stealthy.
You cannot study or cast Air magic.
You cannot study or cast Translocations magic.
You cannot study or cast Transmutations magic.
You are slightly weak-willed. (Will-)
Your casting is slightly disrupted.
You are somewhat unskilled. (-1 Apt)
Scrolls take you a little longer to read.
Your body sometimes deteriorates upon taking damage.
You are dopey. (Int -2)
Your flesh is heat resistant. (rF+)
You passively map a small area around you.
Your system is resistant to poisons. (rPois)
You are covered in fur. (AC +1)


Message History

The hellephant is almost dead.
The hellephant begins to attack, but is stunned by your conviction!
You closely miss the hellephant. Your kick misses the hellephant.
The hellephant is almost dead.
The hellephant breathes flames at you. The blast of flame misses you.
You eviscerate the hellephant!!!
You kill the hellephant!
You feel your strength returning.
(D) Dungeon (T) Temple (L) Lair (S) Swamp (P) Snake Pit (M) Slime Pits (O) Orcish Mines (E) Elven Halls (V) Vaults (C) Crypt (U) Depths (H) Hell (Z) Zot
Where to? (Enter - D:1 @ (x,y), ? - help)
There is an open door here.
An ice devil comes into view.
The ice devil moves out of view.
There is an open door here.
There is a staircase leading out of the dungeon here.
You have escaped!

# #########.##....######..#
#
#########..4†...........####
#
#......................###..
#...........................
#..########'########..####..
#..####.........####..#.....
#..##...#.........##..#.#...
#..#..#...#'#......#..#.#...
#..'.....##@##.....'..#J##..
#..'.....##>##.....'..#.####
#..#......#'#...#..#..#.####
#..##.........#...##..#.##..
#..####.........####..#.##..
#..########'########..#.##..
#.....................#.##..
#.............).......#.##..
#####################...##..


You could see an ice devil.

Vanquished Creatures
  4 ancient liches
  5 orbs of fire
  A pandemonium lord (Zig:5)
  2 juggernauts
  The ghost of xzight the Conqueror, a legendary MiBe of Trog (Depths:4)
  Sojobo (Vaults:3)
  Saint Roka (Orc:1)
  10 Killer Klowns
  Bai Suzhen (Depths:2)
  4 caustic shrikes (Depths:5)
  6 curse toes
  A profane servitor (Depths:5)
  Nikola (Snake:2)
  18 golden dragons
  A Brimstone Fiend (Depths:4)
  3 electric golems
  2 hellephants
  23 tentacled monstrosities
  Rupert (D:15)
  Jorgrun (Orc:2)
  26 Orb Guardians
  A quicksilver dragon (shapeshifter) (Vaults:2)
  12 quicksilver dragons
  A deep elf master archer (Elf:3)
  3 deep elf blademasters
  2 titans (Vaults:5)
  9 death cobs
  The ghost of vinnietd the Tortoise, an adept HaFi of Trog (Snake:3)
  3 thorn hunters
  9 sphinxes
  12 shadow dragons
  11 storm dragons
  10 tengu reavers
  A fenstrider witch (shapeshifter) (Vaults:2)
  13 nagarajas
  Roxanne (Swamp:4)
  3 draconian monks
  Agnes (Snake:2)
  7 draconian scorchers
  4 draconian knights
  17 vault wardens
  2 iron dragons (Vaults:5)
  11 fire giants
  10 frost giants
  2 orc warlords
  2 ghost moths
  3 angels (Zig:7)
  13 deep elf sorcerers
  9 deep elf elementalists
  Aizul (Snake:1)
  3 cacodemons (Depths:4)
  An imperial myrmidon (Desolation)
  3 draconian shifters
  A draconian annihilator (Zot:3)
  7 draconian stormcallers
  14 ironheart preservers
  4 war gargoyles
  21 stone giants
  3 ophanim (Zig:7)
  4 deep elf demonologists
  13 green draconians
  36 very ugly things
  9 vampire knights
  An apis (Zig:7)
  7 bunyips
  Azrael (Snake:1)
  16 red draconians
  13 black draconians
  2 entropy weavers (Vaults:5)
  An entropy weaver (shapeshifter) (Depths:4)
  6 white draconians
  13 yellow draconians
  A minotaur (Gauntlet)
  3 spark wasps (Depths:2)
  A dire elephant (Zig:3)
  9 deep elf annihilators
  A halazid warlock (Desolation)
  The ghost of Qovomyum the Fencer, a journeyman MiFi (Orc:1)
  The ghost of Xeymp the Imperceptible, a journeyman SpEn of Gozag (D:13)
  A minotaur (shapeshifter) (Depths:4)
  2 pearl dragon zombies (Depths:5)
  6 purple draconians
  A merfolk javelineer (D:15)
  4 crystal guardians (Desolation)
  5 eleionomae
  13 ettins
  9 fire dragons
  2 blizzard demons
  10 deep elf death magi
  A merfolk impaler (Depths:1)
  6 ragged hierophants (Desolation)
  2 shambling mangroves (Swamp:4)
  4 deep elf high priests (Elf:3)
  8 servants of whispers (Desolation)
  5 rakshasas
  7 great orbs of eyes
  32 yaktaur captains
  19 ogre magi
  2 peacekeepers (Desolation)
  21 naga warriors
  2 hell beasts (Depths:4)
  2 ghost crabs
  40 vault guards
  18 ice dragons
  A catoblepas (Lair:5)
  24 hydras
  7 spriggan air magi
  7 boulder beetles
  11 anacondas
  2 death knights
  14 centaur warriors
  31 dancing weapons
  45 two-headed ogres
  9 deep troll shamans
  8 tengu warriors
  12 alligators
  A vampire mage (Depths:5)
  6 hell hogs
  16 naga sharpshooters
  5 death yaks (Lair:5)
  2 orc high priests
  8 deep troll earth magi
  A soul eater (Depths:4)
  3 shock serpents
  A titan zombie (Depths:4)
  4 spriggan berserkers (Depths:5)
  13 swamp dragons
  21 deep elf knights
  23 hell knights
  13 skeletal warriors
  7 salamander mystics
  A storm dragon skeleton (Depths:2)
  2 sixfirhies
  A death drake (shapeshifter) (Depths:5)
  6 goliath frogs
  A deep troll (shapeshifter) (Zig:5)
  7 iron trolls
  2 shadow wraiths
  9 unseen horrors
  21 deep trolls
  6 spriggan druids
  A glowing orange brain (shapeshifter) (Vaults:2)
  5 glowing orange brains
  3 flayed ghosts
  2 obsidian statues (Zig:6)
  3 bog bodies
  2 orange crystal statues (Zig:6)
  2 cherubim (Zig:7)
  10 phantasmal warriors
  2 lindwurms (Volcano)
  3 unseen horrors (shapeshifter)
  2 spectral hydras (Swamp:4)
  11 wizards
  23 ironbrand convokers
  7 necromancers
  9 naga ritualists
  17 deep elf archers
  6 harpies
  14 orc knights
  A shadow dragon zombie (Depths:4)
  7 orc sorcerers
  A shining eye (shapeshifter) (Vaults:5)
  A wolf spider zombie (D:10)
  2 will-o-the-wisps
  3 manticores
  14 mana vipers
  72 deep elf magi
  4 oklob plants
  3 wolf spiders
  A stone giant zombie (Vaults:5)
  27 ugly things
  2 sphinx skeletons
  4 cyclopes
  15 salamanders
  A shadow dragon skeleton (Vaults:5)
  2 cyclopes (shapeshifter)
  3 salamanders (shapeshifter)
  4 apis skeletons (Depths:5)
  15 guardian serpents
  A toenail golem (Volcano)
  10 apocalypse crabs
  2 ice statues (IceCv)
  10 vault sentinels
  18 moths of wrath
  A fire giant skeleton (Depths:2)
  44 black mambas
  15 naga magi
  2 hellions (Zot:3)
  A storm dragon simulacrum (Vaults:5)
  An elf zombie (Depths:2)
  2 molten gargoyles
  5 spectral swamp worms (Depths:5)
  16 cane toads
  5 gargoyles
  2 komodo dragons (shapeshifter)
  A yaktaur zombie (Vaults:5)
  A yaktaur (shapeshifter) (D:15)
  57 yaktaurs
  A rime drake (shapeshifter) (Depths:4)
  2 tormentors
  7 freezing wraiths
  15 komodo dragons
  5 efreet
  A hydra zombie (Swamp:4)
  A red devil (Depths:4)
  3 ice devils
  8 rime drakes
  7 tengu conjurers
  10 trolls
  Prince Ribbit (D:8)
  2 jumping spiders (shapeshifter)
  A large abomination (Gauntlet)
  A merfolk (shapeshifter) (Depths:4)
  44 saltlings (Desolation)
  3 bloated husks
  3 hydra skeletons (Swamp:4)
  A polar bear (shapeshifter) (Depths:4)
  18 hornets
  Grinder (D:3)
  2 polar bears
  11 tyrant leeches
  A death drake skeleton (Swamp:4)
  17 blink frogs
  A sphinx simulacrum (Vaults:2)
  13 slime creatures
  4 dream sheep (Lair:6)
  A human simulacrum (Vaults:3)
  A spriggan skeleton (Depths:2)
  A ynoxinul (Depths:4)
  2 redbacks (Lair:6)
  15 spriggans
  A spriggan (shapeshifter) (Vaults:1)
  3 flying skulls (Zig:4)
  2 wraiths
  An air elemental (Elf:2)
  9 water elementals
  13 wyverns (Lair:6)
  6 fire elementals
  A human (Lair:5)
  43 yaks
  2 yaks (shapeshifter)
  2 neqoxecs
  Grum (D:8)
  7 vampire mosquitoes
  2 golden eyes (Zot:5)
  3 basilisks
  5 chaos spawn
  3 steam dragons
  15 swamp worms
  68 nagas
  A soldier ant (D:13)
  3 acid dragons
  2 soldier ants (shapeshifter)
  A swamp worm (shapeshifter) (Depths:4)
  15 wargs
  3 hell hounds (Snake:1)
  31 water moccasins
  A water moccasin (shapeshifter) (Depths:1)
  5 hydra simulacra
  A floating eye (Depths:4)
  A human skeleton (Depths:4)
  10 swamp drakes
  2 black bears
  53 orc warriors
  18 ice beasts
  2 ettin simulacra
  4 sky beasts
  4 swamp dragon zombies (Swamp:4)
  9 wolves
  2 phantoms
  2 eyes of draining (shapeshifter)
  45 ogres
  16 boggarts
  22 centaurs
  A swamp dragon skeleton (Swamp:4)
  5 small abominations
  6 big kobolds
  14 bullfrogs
  A gnoll sergeant (D:4)
  6 earth elementals
  A wyvern skeleton (D:14)
  5 scorpions
  An elf simulacrum (Vaults:3)
  27 wights
  3 electric eels
  3 howler monkeys
  A lava snake (D:13)
  2 bullfrog zombies
  2 centaur zombies
  A quasit (D:14)
  12 hounds
  27 orc priests
  3 bullfrog skeletons
  4 jellies
  30 orc wizards
  Crazy Yiuf (D:2)
  4 centaur skeletons
  Jessica (D:3)
  Natasha (D:2)
  4 iguanas
  9 worker ants
  A hound skeleton (D:4)
  Robin (D:2)
  8 gnolls
  A howler monkey skeleton (D:4)
  8 river rats (Sewer)
  18 adders
  A shadow imp (D:6)
  6 white imps
  An ufetubus (D:8)
  5 oozes
  4 adder zombies
  5 worms
  3 leopard geckos
  124 orcs
  7 bats
  A bat skeleton (D:2)
  A bat zombie (D:2)
  7 giant cockroaches
  20 goblins
  9 hobgoblins
  4 quokkas
  14 ball pythons
  5 frilled lizards
  A giant cockroach zombie (D:2)
  53 kobolds
  2 leopard gecko zombies (D:2)
  A quokka skeleton (D:2)
  26 rats
  9 briar patches (Swamp:4)
  A crawling corpse (Elf:2)
2720 creatures vanquished.

Vanquished Creatures (collateral kills)
  An ancient lich (Vaults:5)
  A quicksilver dragon (Vaults:5)
  A storm dragon (Vaults:5)
  2 shadow dragons (Vaults:5)
  A fenstrider witch (Swamp:4)
  A fire giant (Vaults:3)
  A draconian shifter (Zot:5)
  2 deep elf elementalists (Elf:3)
  2 stone giants
  A purple draconian (Zot:5)
  A deep elf high priest (Elf:3)
  A yaktaur captain (Vaults:5)
  A hydra (Lair:6)
  A servant of whispers (Desolation)
  A dancing weapon (Vaults:5)
  A hell knight (Depths:3)
  A deep elf knight (Vaults:2)
  A bog body (Swamp:3)
  A moth of wrath (Zot:5)
  A black mamba (Snake:4)
  A freezing wraith (Vaults:5)
  3 yaktaurs
  2 saltlings (Desolation)
  A wolf spider simulacrum (Gauntlet)
  A human simulacrum (Vaults:2)
  2 centaur simulacra (Gauntlet)
  A redback simulacrum (Gauntlet)
34 creatures vanquished.

Vanquished Creatures (others)
  A lich (Depths:2)
  A quicksilver dragon (Vaults:5)
  2 draconian knights
  2 very ugly things
  A black draconian (Zot:5)
  A red draconian (Zot:2)
  A bunyip (Swamp:3)
  An ettin (Vaults:5)
  An ice dragon (Depths:1)
  A yaktaur captain (Vaults:3)
  A great orb of eyes (Depths:2)
  A hydra (Lair:6)
  A vault guard (Vaults:1)
  A peacekeeper (Desolation)
  2 anacondas
  An ogre mage (Vaults:3)
  An alligator (Depths:3)
  3 two-headed ogres
  A hell hog (Zot:5)
  A naga sharpshooter (Snake:1)
  A shock serpent (Snake:4)
  A deep elf knight (Elf:1)
  2 salamander mystics (Snake:4)
  A deep troll (Depths:3)
  A deep elf archer (Elf:1)
  2 orc knights
  2 deep elf magi (Elf:1)
  2 ugly things
  A cyclops (Vaults:1)
  2 black mambas
  3 yaktaurs
  A bloated husk (Swamp:4)
  A slime creature (Depths:3)
  A blink frog (Lair:2)
  A yak (D:13)
  A water elemental (Elf:2)
  A fire elemental (Snake:1)
  A naga (Snake:4)
  A swamp worm (Swamp:2)
  A swamp dragon zombie (Swamp:4)
  A swamp drake (Swamp:4)
  2 orc warriors
  2 centaurs
  2 ogres (Vaults:3)
  A boggart (Vaults:3)
  A wolf (Lair:2)
  An orc priest (Orc:2)
  3 orc wizards
  8 foxfires (Swamp:1)
  36 fungi
  138 plants
  3 withered plants (D:2)
250 creatures vanquished.

Grand Total: 3004 creatures vanquished

Notes
Turn   | Place    | Note
-------+----------+-------------------------------------------
     0 | D:5      | Charly the Demonspawn Delver began the quest for the Orb.
     0 | D:5      | Reached XP level 1. HP: 18/18 MP: 1/1
    16 | D:5      | Noticed a hound
    43 | D:5      | Noticed an orc wizard
   133 | D:5      | Noticed an orc wizard
   140 | D:4      | Noticed a scorpion
   209 | D:5      | Noticed a hound
   298 | D:4      | Found an opulent altar of Gozag.
   317 | D:5      | Reached skill level 1 in Short Blades
   333 | D:5      | Noticed an orc wizard
   349 | D:4      | Noticed a hound
   361 | D:4      | Noticed a hound
   387 | D:3      | Gained mutation: You have sharp toenails. [demonic
                  | ancestry]
   387 | D:3      | Reached XP level 2. HP: 24/24 MP: 2/2
   655 | D:3      | Noticed Grinder
   742 | D:2      | Noticed Natasha
   745 | D:2      | Noticed a crimson imp
   963 | D:3      | Reached XP level 3. HP: 16/29 MP: 3/3
  1033 | D:2      | Noticed Robin
  1064 | D:1      | HP: 1/29 [ooze (2)]
  1663 | D:1      | Gained mutation: You have razor-sharp toenails. [demonic
                  | ancestry]
  1663 | D:1      | Reached XP level 4. HP: 35/35 MP: 4/4
  2215 | D:2      | Found a stormy altar of Qazlal.
  2283 | D:2      | Killed Robin
  2437 | D:2      | Gained mutation: You have sharp fingernails. [demonic
                  | ancestry]
  2437 | D:2      | Reached XP level 5. HP: 39/41 MP: 5/5
  2748 | D:2      | Reached skill level 5 in Long Blades
  2923 | D:2      | Found a runed translucent door.
  2924 | D:2      | Noticed Crazy Yiuf
  2988 | D:2      | Killed Natasha
  3113 | D:2      | Killed Crazy Yiuf
  3226 | D:3      | Noticed Jessica
  3235 | D:3      | Killed Jessica
  3236 | D:3      | Gained mutation: You have a pair of small antennae on your
                  | head. [demonic ancestry]
  3236 | D:3      | Reached XP level 6. HP: 47/47 MP: 6/6
  3338 | D:3      | Found a sacrificial altar of Ru.
  3504 | D:3      | Killed Grinder
  3656 | D:4      | Reached XP level 7. HP: 49/52 MP: 7/7
  4030 | D:4      | Noticed a yak
  4067 | D:4      | Killed a yak
  4450 | D:4      | Gained mutation: You have claws for feet. [demonic
                  | ancestry]
  4450 | D:4      | Reached XP level 8. HP: 58/58 MP: 8/8
  4916 | D:5      | Reached skill level 1 in Armour
  5161 | D:5      | Found a staircase to the Ecumenical Temple.
  5170 | Temple   | Entered the Ecumenical Temple
  5453 | D:3      | Became a worshipper of Ru the Awakened
  5559 | D:5      | Found a snail-covered altar of Cheibriados.
  6001 | D:6      | Found an ancient bone altar of Kikubaaqudgha.
  6044 | D:6      | Found a glowing drain.
  6058 | Sewer    | Entered a sewer
  6611 | D:6      | Found a basalt altar of Yredelemnul.
  6780 | D:6      | Found a hide-covered altar of Uskayaw.
  6780 | D:6      | Found a blossoming altar of Fedhas.
  6785 | D:6      | Found an ornate altar of the Wu Jian Council.
  6793 | D:6      | Gained mutation: When hurt, damage is shared between your
                  | health and your magic reserves. [demonic ancestry]
  6793 | D:6      | Reached XP level 9. HP: 49/65 MP: 9/9
  8274 | D:7      | Reached skill level 5 in Fighting
  8649 | D:8      | Reached skill level 10 in Long Blades
  8659 | D:8      | Noticed Joseph
  8785 | D:8      | Noticed Joseph
  8785 | D:8      | Joseph changed into Joseph the acid dragon
  8810 | D:8      | Killed Joseph the acid dragon
  8963 | D:8      | Noticed Prince Ribbit
  9092 | D:8      | Killed Prince Ribbit
  9093 | D:8      | Reached skill level 5 in Dodging
  9389 | D:8      | Noticed Grum
  9393 | D:8      | Gained mutation: You are immune to miasma. [demonic
                  | ancestry]
  9393 | D:8      | Reached XP level 10. HP: 73/76 MP: 10/10
  9404 | D:8      | Killed Grum
  9520 | D:8      | Noticed a seven-headed hydra
  9537 | D:8      | Killed a shadow wraith
  9589 | D:8      | Reached skill level 5 in Armour
  9910 | D:9      | Noticed a two-headed ogre
  9954 | D:8      | Paralysed by a hornet for 1 turns
 10122 | D:9      | Reached skill level 1 in Crossbows
 10235 | D:9      | Gained mutation: You are slightly weak-willed. (Will-) [Ru
                  | sacrifice]
 10235 | D:9      | Reached * piety under Ru
 10311 | D:9      | Found a snail-covered altar of Cheibriados.
 10363 | D:9      | Found Kaps's Elemental Accessories.
 10571 | D:9      | Killed a two-headed ogre
 10900 | D:9      | Found a staircase to the Lair.
 11102 | D:10     | Entered Level 10 of the Dungeon
 11167 | D:10     | Noticed a boulder beetle
 11238 | D:10     | Reached XP level 11. HP: 58/84 MP: 7/11
 11709 | D:10     | Gained mutation: You cannot study or cast Air magic. [Ru
                  | sacrifice]
 11709 | D:10     | Gained mutation: You cannot study or cast Transmutations
                  | magic. [Ru sacrifice]
 11709 | D:10     | Gained mutation: You cannot study or cast Translocations
                  | magic. [Ru sacrifice]
 11709 | D:10     | Reached ** piety under Ru
 12168 | D:10     | Killed a boulder beetle
 12947 | D:11     | Noticed an unseen horror
 12949 | D:11     | Killed an unseen horror
 13035 | D:11     | Found a frozen archway.
 13139 | IceCv    | Entered an ice cave
 13275 | IceCv    | Reached skill level 5 in Crossbows
 14443 | IceCv    | Gained mutation: You are frail. (-10% HP) [Ru sacrifice]
 14443 | IceCv    | Reached *** piety under Ru
 14443 | IceCv    | Reached **** piety under Ru
 14461 | IceCv    | Noticed an ice dragon
 14467 | IceCv    | Noticed an ice dragon
 14476 | IceCv    | Killed an ice dragon
 14483 | IceCv    | Killed an ice dragon
 14605 | IceCv    | Got a heavily runed brass amulet
 14718 | D:11     | Identified the amulet of Moaha {rC+ Regen+ MP+9 Int+2 SInv}
                  | (You found it in an ice cave)
 14725 | D:11     | Identified a scroll of acquirement
 14725 | D:11     | Acquired a manual of Long Blades
 15098 | D:11     | Noticed a two-headed ogre
 15106 | D:11     | Killed a two-headed ogre
 15107 | D:11     | Gained mutation: You regenerate magic rapidly. [demonic
                  | ancestry]
 15107 | D:11     | Reached XP level 12. HP: 69/85 MP: 12/12
 15238 | D:11     | Found Jongaqu Panu's Armour Shop.
 15248 | D:11     | Bought a +0 pair of gloves of archery for 138 gold pieces
 15259 | D:11     | Bought a +3 plate armour of poison resistance for 504 gold
                  | pieces
 15841 | Lair:1   | Entered Level 1 of the Lair of Beasts
 16793 | Lair:2   | Found a stormy altar of Qazlal.
 16804 | Lair:2   | Found a dark tunnel.
 16846 | Volcano  | Entered a volcano
 16853 | Volcano  | Gained mutation: You are clumsy. (Dex -2) [potion of
                  | mutation]
 16853 | Volcano  | Gained mutation: You are covered in fur. (AC +1) [potion of
                  | mutation]
 16854 | Volcano  | Lost mutation: You are covered in fur. (AC +1) [potion of
                  | mutation]
 16854 | Volcano  | Gained mutation: Your magical capacity is low. (-10% MP)
                  | [potion of mutation]
 16854 | Volcano  | Gained mutation: You expend magic power (3 MP) to
                  | strengthen your wands. [potion of mutation]
 16854 | Volcano  | Gained mutation: Your skin changes colour to match your
                  | surroundings (Stealth+). [potion of mutation]
 16854 | Volcano  | Lost mutation: You are clumsy. (Dex -2) [potion of
                  | mutation]
 16855 | Volcano  | Lost mutation: Your magical capacity is low. (-10% MP)
                  | [potion of mutation]
 16855 | Volcano  | Lost mutation: You expend magic power (3 MP) to strengthen
                  | your wands. [potion of mutation]
 16855 | Volcano  | Lost mutation: Your skin changes colour to match your
                  | surroundings (Stealth+). [potion of mutation]
 16855 | Volcano  | Gained mutation: You are clumsy. (Dex -2) [potion of
                  | mutation]
 16855 | Volcano  | Lost mutation: You are clumsy. (Dex -2) [potion of
                  | mutation]
 16953 | Volcano  | Reached skill level 1 in Evocations
 17135 | Lair:2   | Found a staircase to the Swamp.
 18018 | Lair:3   | Found a staircase to the Snake Pit.
 18211 | Lair:3   | Reached XP level 13. HP: 72/90 MP: 13/13
 20094 | Lair:5   | Noticed Sonja
 20095 | Lair:5   | Noticed Sonja
 20095 | Lair:5   | Sonja changed into Sonja the human
 20104 | Lair:5   | Killed Sonja the human
 20769 | Lair:5   | Reached skill level 10 in Fighting
 21340 | Lair:6   | Entered Level 6 of the Lair of Beasts
 21499 | Lair:6   | Found a transporter.
 21512 | Lair:6   | Reached skill level 10 in Armour
 21572 | Lair:6   | Gained mutation: You have very sharp fingernails. [demonic
                  | ancestry]
 21572 | Lair:6   | Reached XP level 14. HP: 72/99 MP: 14/14
 21643 | Lair:6   | Reached skill level 5 in Evocations
 21806 | Lair:6   | Noticed kthxbai's ghost (journeyman DrTm)
 21850 | Lair:6   | Found a transporter.
 21852 | Lair:6   | Found a one-way gate to the infinite horrors of the Abyss.
 21904 | Lair:6   | Identified the +4 trident "Cip Vosy" {distort, +Rage rF++
                  | Str-4}
 21913 | Lair:6   | Noticed a sphinx
 21916 | Lair:6   | a sphinx changed into an alligator snapping turtle
 21919 | Lair:6   | Noticed a frost giant
 21919 | Lair:6   | an alligator snapping turtle changed into a frost giant
 21922 | Lair:6   | Noticed a stone giant
 21922 | Lair:6   | a frost giant changed into a stone giant
 21924 | Lair:6   | Noticed a shadow dragon
 21924 | Lair:6   | a stone giant changed into a shadow dragon
 21931 | Lair:6   | Noticed an iron dragon
 21931 | Lair:6   | a shadow dragon changed into an iron dragon
 21932 | Lair:6   | Noticed a quicksilver dragon
 21932 | Lair:6   | an iron dragon changed into a quicksilver dragon
 22040 | Lair:6   | Found a staircase to the Slime Pits.
 23037 | D:12     | Found a gate leading to a gauntlet.
 23042 | Gauntlet | Entered a Gauntlet
 23042 | Gauntlet | Found a transporter.
 23042 | Gauntlet | Found a transporter.
 23043 | Gauntlet | Found a transporter.
 23046 | Gauntlet | Found a transporter.
 23046 | Gauntlet | Found a transporter.
 23046 | Gauntlet | Found a transporter.
 23058 | Gauntlet | Found a transporter.
 23060 | Gauntlet | Found a transporter.
 23076 | Gauntlet | Found a transporter.
 23132 | Gauntlet | Gained mutation: You cannot be stealthy. [Ru sacrifice]
 23132 | Gauntlet | Reached ***** piety under Ru
 23171 | Gauntlet | Found a transporter.
 23175 | Gauntlet | Found a transporter.
 23187 | Gauntlet | Found a transporter.
 23288 | Gauntlet | Got a scintillating pewter amulet
 23293 | Gauntlet | Identified the amulet "Botajief" {Inacc *Contam rPois rF+
                  | Stlth+} (You found it in a Gauntlet)
 23320 | Gauntlet | Got a jewelled hat
 23331 | Gauntlet | Identified the +1 hat of the Festooned Sturgeon {Str+3}
                  | (You found it in a Gauntlet)
 23386 | Gauntlet | Identified the ring "Deurr" {+Fly Will- MP+9 SInv Stlth+}
 23400 | Gauntlet | Identified the +1 robe "Zeamurphe" {Int+10} (You found it
                  | in a Gauntlet)
 23404 | Gauntlet | Identified Amak Xia's Collected Works on Moulding
 23407 | Gauntlet | Identified the Volume of Air and the Mountains
 23515 | D:12     | Found a staircase to the Orcish Mines.
 24417 | D:13     | Reached skill level 10 in Crossbows
 24518 | D:13     | Found a gate to the Vaults.
 24521 | D:13     | Reached skill level 10 in Dodging
 24645 | D:13     | Noticed a fire giant
 24645 | D:13     | Noticed Xeymp's ghost (journeyman SpEn)
 24645 | D:13     | Noticed a frost giant
 24653 | D:13     | Found a runed translucent gate.
 24653 | D:13     | Found a runed translucent gate.
 24653 | D:13     | Found a runed translucent gate.
 24743 | D:13     | Gained mutation: You are somewhat unskilled. (-1 Apt) [Ru
                  | sacrifice]
 24743 | D:13     | Reduced skill Fighting to level 10
 24743 | D:13     | Reduced skill Armour to level 10
 24743 | D:13     | Reduced skill Evocations to level 5
 24928 | D:14     | Found a blossoming altar of Fedhas.
 24989 | D:14     | Gained mutation: You may emit foul miasma when damaged in
                  | melee. [demonic ancestry]
 24989 | D:14     | Reached XP level 15. HP: 98/103 MP: 15/15
 25580 | D:14     | Identified the +7 hunting sling "Ohejum Nueno" {freeze,
                  | *Drain rElec Str+3 Int+4} (You found it on level 14 of the
                  | Dungeon)
 25733 | D:15     | Entered Level 15 of the Dungeon
 25775 | D:15     | Noticed Rupert
 25790 | D:15     | Killed Rupert
 26038 | D:15     | Found a staircase to the Depths.
 26427 | D:15     | Reached skill level 10 in Crossbows
 26492 | D:15     | Gained mutation: Your casting is slightly disrupted. [Ru
                  | sacrifice]
 26492 | D:15     | Reached ****** piety under Ru
 27006 | Orc:1    | Entered Level 1 of the Orcish Mines
 27012 | Orc:1    | Noticed an orc warlord
 27029 | D:12     | Killed an orc warlord
 27210 | Orc:1    | Reached skill level 10 in Dodging
 27232 | Orc:1    | Found a roughly hewn altar of Beogh.
 27440 | Orc:1    | Found a transporter.
 27490 | Orc:1    | Noticed Qovomyum's ghost (journeyman MiFi)
 27506 | Orc:1    | Found a transporter.
 27791 | Orc:1    | Killed Qovomyum's ghost
 27797 | Orc:1    | Got a heavily runed golden amulet
 27828 | Orc:1    | Identified the amulet of Psychosis {rF+++ Will++ Regen+
                  | Dex-3} (You found it on level 1 of the Orcish Mines)
 27899 | Orc:2    | Entered Level 2 of the Orcish Mines
 27906 | Orc:2    | Noticed Saint Roka
 28232 | Orc:2    | Gained mutation: You have a pair of antennae on your head.
                  | [demonic ancestry]
 28232 | Orc:2    | Reached XP level 16. HP: 107/111 MP: 16/16
 28414 | Orc:2    | Noticed Jorgrun
 28422 | Orc:1    | Killed Saint Roka
 28480 | Orc:2    | Killed Jorgrun
 28569 | Orc:2    | Found a roughly hewn altar of Beogh.
 28594 | Orc:2    | Found Nif Cimi's Jewellery Shoppe.
 28601 | Orc:2    | Found Raos's Antique Weapon Shoppe.
 28609 | Orc:2    | Found Otuiro's Antique Armour Shoppe.
 28613 | Orc:2    | Found Faoshrod's General Store.
 29196 | Orc:2    | Found a staircase to the Elven Halls.
 29367 | Orc:2    | Bought the ring of Spring {rC+ rN+ Str+8 Int+3 Dex-4} for
                  | 584 gold pieces
 29370 | Orc:2    | Bought the ring "Hugaz" {EV+4 Dex+5} for 642 gold pieces
 29390 | Orc:2    | Bought the +3 hat of Pondering {ponderous, Will+ MP+10
                  | Int+5} for 914 gold pieces
 29390 | Orc:2    | Found the +3 hat of Pondering {ponderous, Will+ MP+10
                  | Int+5}
 29417 | Orc:2    | Bought a faintly glowing rapier for 234 gold pieces
 29417 | Orc:2    | Identified the +4 rapier "Vufithruq" {holy, rElec Int+5}
                  | (You bought it in a shop on level 2 of the Orcish Mines)
 29631 | Swamp:1  | Entered Level 1 of the Swamp
 30152 | Swamp:1  | You fall into a shaft and drop 1 floor!
 31003 | Swamp:2  | Acquired the +2 cloak "Qyabbo" {+Blink rC+++ Int-4 Stlth+}
 32574 | Swamp:4  | Entered Level 4 of the Swamp
 32693 | Swamp:4  | Gained mutation: When low on magic, you restore magic in
                  | place of health. [demonic ancestry]
 32693 | Swamp:4  | Reached XP level 17. HP: 65/121 MP: 16/17
 32879 | Swamp:4  | Paralysed by a vampire knight for 3 turns
 33816 | Swamp:4  | Found a blossoming altar of Fedhas.
 34008 | Swamp:4  | Identified Roxanne's Incunabulum of the Rocks
 34008 | Swamp:4  | Noticed Roxanne
 34029 | Swamp:4  | Killed Roxanne
 34294 | Swamp:4  | Found a basalt altar of Yredelemnul.
 34309 | Swamp:4  | Got a decaying rune of Zot
 34498 | Snake:1  | Entered Level 1 of the Snake Pit
 34540 | Snake:1  | Noticed Azrael
 34566 | Snake:1  | Killed Azrael
 34779 | Snake:1  | Found Ladiv's General Store.
 34781 | Snake:1  | Found Ariniz's Weapon Shop.
 34783 | Snake:1  | Found Curop's Magic Scroll Boutique.
 34787 | Snake:1  | Bought a potion of curing for 57 gold pieces
 34788 | Snake:1  | Noticed Aizul
 34799 | Snake:1  | Killed Aizul
 34874 | Snake:1  | Bought a scroll of fear for 66 gold pieces
 35560 | Snake:2  | Noticed Agnes
 35565 | Snake:2  | Killed Agnes
 36089 | Snake:2  | Noticed Nikola
 36336 | Snake:3  | Gained mutation: You have a pair of large antennae on your
                  | head. (SInv) [demonic ancestry]
 36336 | Snake:3  | Reached XP level 18. HP: 110/120 MP: 18/18
 37460 | Snake:3  | Found a runed translucent door.
 37461 | Snake:3  | Noticed vinnietd's ghost (adept HaFi)
 37607 | Snake:4  | Entered Level 4 of the Snake Pit
 37894 | Snake:4  | Reached skill level 10 in Evocations
 38830 | Snake:4  | Gained mutation: You have claws for hands. [demonic
                  | ancestry]
 38830 | Snake:4  | Reached XP level 19. HP: 38/132 MP: 11/19
 39011 | Snake:4  | Reached skill level 1 in Unarmed Combat
 39051 | Snake:4  | Reached skill level 2 in Unarmed Combat
 39065 | Snake:4  | Reached skill level 3 in Unarmed Combat
 39104 | Snake:4  | Reached skill level 4 in Unarmed Combat
 39679 | Snake:4  | Got a serpentine rune of Zot
 40025 | Vaults:1 | Entered Level 1 of the Vaults
 40040 | Vaults:1 | Reached skill level 5 in Unarmed Combat
 40283 | Vaults:1 | Acquired a manual of Armour
 40524 | Vaults:1 | Found Ukhoum's Gadget Boutique.
 40562 | Vaults:1 | Paralysed by an ogre mage for 7 turns
 40638 | Vaults:1 | Reached skill level 15 in Armour
 41255 | Vaults:1 | Identified the +1 leather armour "Hoacaol" {rC+ Int+2} (You
                  | found it on level 1 of the Vaults)
 42400 | Vaults:1 | Identified the cursed +0 scimitar "Soet Emy" {drain, *Slow
                  | Int+4 Dex+4}
 42400 | Vaults:1 | Identified the cursed ring of Puonyherr {rPois Str-4 SInv}
 43216 | Snake:1  | Bought a scroll of acquirement for 988 gold pieces
 43216 | Snake:1  | Acquired a +1 triple crossbow of freezing
 43221 | Snake:1  | Bought a scroll of enchant weapon for 142 gold pieces
 43258 | Snake:2  | Gained mutation: Your flesh is cold resistant. (rC+)
                  | [demonic ancestry]
 43258 | Snake:2  | Reached XP level 20. HP: 143/144 MP: 20/20
 43464 | Snake:2  | Killed Nikola
 43779 | Snake:3  | Killed vinnietd's ghost
 43786 | Snake:3  | Identified the Incunabulum of the Cankerous Entourage
 44106 | Vaults:2 | Found a ruined gateway.
 44114 | Desolati | Entered the Desolation of Salt
 44158 | Desolati | Reached skill level 6 in Unarmed Combat
 44549 | Desolati | Reached skill level 7 in Unarmed Combat
 45074 | Desolati | Reached skill level 8 in Unarmed Combat
 45148 | Desolati | Identified the +3 chain mail of Hedonism {rPois rN+ rCorr
                  | MP+9} (You found it in the Desolation of Salt)
 45553 | Desolati | Got a brightly glowing sapphire amulet
 45558 | Desolati | Identified the Compendium of the Snowflakes
 45865 | Vaults:2 | Identified the amulet "Konagg" {Regen+ Str+4} (You found it
                  | in the Desolation of Salt)
 45985 | Vaults:2 | Reached skill level 9 in Unarmed Combat
 46396 | Vaults:2 | Reached skill level 10 in Unarmed Combat
 46581 | Vaults:2 | Found a transporter.
 46599 | Vaults:2 | Found a transporter.
 46944 | Vaults:2 | Reached skill level 11 in Unarmed Combat
 47599 | Vaults:2 | Reached XP level 21. HP: 114/149 MP: 21/21
 47923 | Vaults:2 | Reached skill level 12 in Unarmed Combat
 48538 | Vaults:3 | Found a staircase to the Crypt.
 48538 | Vaults:3 | Found an ancient bone altar of Kikubaaqudgha.
 48539 | Vaults:3 | Found a basalt altar of Yredelemnul.
 48719 | Vaults:3 | Found a huge runed gate.
 48719 | Vaults:3 | Found a huge runed gate.
 48719 | Vaults:3 | Found a huge runed gate.
 48719 | Vaults:3 | Found a huge runed gate.
 48719 | Vaults:3 | Found a huge runed gate.
 48732 | Vaults:3 | Found a huge runed gate.
 48732 | Vaults:3 | Found a huge runed gate.
 48732 | Vaults:3 | Found a huge runed gate.
 48732 | Vaults:3 | Found a huge runed gate.
 48736 | Vaults:3 | Found a huge runed gate.
 48736 | Vaults:3 | Found a huge runed gate.
 48736 | Vaults:3 | Found a huge runed gate.
 48736 | Vaults:3 | Found a huge runed gate.
 48736 | Vaults:3 | Found a huge runed gate.
 48736 | Vaults:3 | Found a huge runed gate.
 48737 | Vaults:3 | Found a huge runed gate.
 48757 | Vaults:3 | Found a huge runed gate.
 48760 | Vaults:3 | Found a huge runed gate.
 48768 | Vaults:3 | Found a huge runed gate.
 48768 | Vaults:3 | Found a huge runed gate.
 48768 | Vaults:3 | Found a huge runed gate.
 48768 | Vaults:3 | Found a huge runed gate.
 48768 | Vaults:3 | Found a huge runed gate.
 48768 | Vaults:3 | Found a huge runed gate.
 48769 | Vaults:3 | Found a huge runed gate.
 48829 | Vaults:3 | Found a huge runed gate.
 48830 | Vaults:3 | Found a huge runed gate.
 48838 | Vaults:3 | Found a huge runed gate.
 48838 | Vaults:3 | Found a huge runed gate.
 48838 | Vaults:3 | Found a huge runed gate.
 48838 | Vaults:3 | Found a huge runed gate.
 48838 | Vaults:3 | Found a huge runed gate.
 48838 | Vaults:3 | Found a huge runed gate.
 48839 | Vaults:3 | Found a huge runed gate.
 48840 | Vaults:3 | Found a huge runed gate.
 48841 | Vaults:3 | Found a huge runed gate.
 49039 | Vaults:3 | Reached skill level 13 in Unarmed Combat
 49556 | Vaults:3 | Noticed Sojobo
 49566 | Vaults:3 | Killed Sojobo
 50020 | Vaults:3 | Reached skill level 14 in Unarmed Combat
 50224 | Vaults:3 | Identified Cosi's Disquisition on the Birds
 50245 | Vaults:3 | Identified the +4 scimitar of Oozing Pus {protect, +Rage
                  | Str+2 Int+6} (You found it on level 3 of the Vaults)
 51161 | Vaults:4 | Reached skill level 15 in Unarmed Combat
 51946 | Vaults:2 | Acquired the ring "Forget-Me-Not" {rPois AC+4 Str+2 SInv}
 52172 | Vaults:2 | Identified the +5 battleaxe of the Ancients {vorpal, Will+}
                  | (You found it on level 2 of the Vaults)
 52195 | Vaults:2 | Identified the +0 cloak "Leuwn" {Will++ Stlth+} (You found
                  | it on level 2 of the Vaults)
 52505 | Elf:1    | Entered Level 1 of the Elven Halls
 52655 | Elf:1    | Gained mutation: You frequently emit foul miasma when
                  | damaged in melee. [demonic ancestry]
 52655 | Elf:1    | Reached XP level 22. HP: 155/155 MP: 22/22
 53751 | Elf:2    | Found a runed translucent gate.
 53751 | Elf:2    | Found a runed translucent gate.
 53751 | Elf:2    | Found a runed translucent gate.
 54339 | Elf:2    | Reached skill level 15 in Fighting
 54682 | Elf:3    | Entered Level 3 of the Elven Halls
 55113 | Elf:3    | Identified the +9 quarterstaff "Cuxijeot" {vorpal, +Blink
                  | Str+3 Int+4}
 55201 | Elf:3    | Identified the +6 scale mail "Tesir" {rElec}
 55354 | Elf:3    | Identified the cursed +2 quarterstaff of Strategic
                  | Superiority {holy, Fragile Int+6 SInv Stlth-}
 55359 | Elf:3    | Identified the +5 chain mail of Understanding {Will+ Regen+
                  | Str-5}
 55361 | Elf:3    | Identified the +1 flail "Toja" {flame, rElec rPois rC-
                  | Str+5}
 55747 | Elf:3    | Identified Cange's Almanac of Dislocated Companions
 55774 | Elf:3    | Identified the +1 buckler of Foqoor {rPois Regen+ rCorr
                  | Dex-4} (You found it on level 3 of the Elven Halls)
 56095 | Elf:3    | Found Bunges Melick's Weapon Boutique.
 56801 | D:13     | Reached skill level 1 in Shields
 56817 | D:13     | Killed Xeymp's ghost
 57780 | Snake:1  | Bought a scroll of remove curse for 57 gold pieces
 58031 | Depths:1 | Entered Level 1 of the Depths
 58049 | D:15     | Reached XP level 23. HP: 96/156 MP: 15/23
 58508 | Depths:1 | Reached skill level 16 in Unarmed Combat
 58751 | Depths:1 | Found a gateway to Hell.
 58839 | Depths:1 | Reached skill level 5 in Shields
 59969 | Depths:2 | Noticed Bai Suzhen
 59990 | Depths:2 | Killed Bai Suzhen
 60267 | Depths:2 | Noticed a juggernaut
 60279 | Depths:2 | Killed a juggernaut
 60901 | Depths:3 | Found a one-way gate leading to the halls of Pandemonium.
 61188 | Depths:3 | Reached skill level 17 in Unarmed Combat
 62564 | Depths:3 | Gained mutation: You are immune to freezing clouds.
                  | [demonic ancestry]
 62564 | Depths:3 | Reached XP level 24. HP: 170/170 MP: 23/23
 63257 | Depths:4 | Paralysed by a floating eye for 2 turns
 63893 | Depths:4 | Found Jeifeuv's Gadget Shoppe.
 63893 | Depths:4 | Found Fagab's Jewellery Shop.
 63895 | Depths:4 | Found Igga's Gadget Shoppe.
 63907 | Depths:4 | Bought the ring of the Wild Haggis {AC+4 Str+9 Dex-5
                  | Slay+3} for 1024 gold pieces
 64119 | Depths:4 | Found a runed translucent gate.
 64119 | Depths:4 | Found a runed translucent gate.
 64119 | Depths:4 | Found a runed translucent gate.
 64176 | Depths:4 | Reached skill level 10 in Shields
 64775 | Depths:4 | Reached skill level 18 in Unarmed Combat
 64802 | Depths:4 | Found a runed translucent gate.
 64802 | Depths:4 | Found a runed translucent gate.
 64805 | Depths:4 | Found a runed translucent gate.
 64807 | Depths:4 | Noticed xzight's ghost (legendary MiBe)
 64813 | Depths:4 | Gained mutation: You are very frail. (-20% HP) [a
                  | cacodemon]
 64818 | Depths:4 | Gained mutation: Your body sometimes deteriorates upon
                  | taking damage. [a cacodemon]
 64824 | Depths:4 | Killed xzight's ghost
 65118 | Depths:4 | Gained mutation: You are clumsy. (Dex -2) [mutagenic glow]
 65131 | Depths:4 | Gained mutation: You occasionally shout uncontrollably at
                  | your foes. [mutagenic glow]
 65243 | Depths:4 | Lost mutation: You occasionally shout uncontrollably at
                  | your foes. [potion of mutation]
 65243 | Depths:4 | Lost mutation: Your body sometimes deteriorates upon taking
                  | damage. [potion of mutation]
 65243 | Depths:4 | Gained mutation: You tend to lose your temper in combat.
                  | [potion of mutation]
 65243 | Depths:4 | Gained mutation: Your spells are a little easier to cast,
                  | but a little less powerful. [potion of mutation]
 65243 | Depths:4 | Lost mutation: Your spells are a little easier to cast, but
                  | a little less powerful. [potion of mutation]
 65243 | Depths:4 | Lost mutation: You are very frail. (-20% HP) [potion of
                  | mutation]
 65244 | Depths:4 | Lost mutation: You are clumsy. (Dex -2) [potion of
                  | mutation]
 65244 | Depths:4 | Lost mutation: You tend to lose your temper in combat.
                  | [potion of mutation]
 65244 | Depths:4 | Gained mutation: You are clumsy. (Dex -2) [potion of
                  | mutation]
 65244 | Depths:4 | Gained mutation: You have an increased reservoir of magic.
                  | (+10% MP) [potion of mutation]
 65244 | Depths:4 | Gained mutation: Your mind is acute. (Int +2) [potion of
                  | mutation]
 65245 | Depths:4 | Lost mutation: You have an increased reservoir of magic.
                  | (+10% MP) [potion of mutation]
 65245 | Depths:4 | Lost mutation: You are clumsy. (Dex -2) [potion of
                  | mutation]
 65245 | Depths:4 | Lost mutation: Your mind is acute. (Int +2) [potion of
                  | mutation]
 65245 | Depths:4 | Gained mutation: You do not regenerate when monsters are
                  | visible. [potion of mutation]
 65245 | Depths:4 | Gained mutation: You passively map a small area around you.
                  | [potion of mutation]
 65245 | Depths:4 | Gained mutation: You are somewhat resistant to further
                  | mutation. [potion of mutation]
 65245 | Depths:4 | Gained mutation: You expend magic power (3 MP) to
                  | strengthen your wands. [potion of mutation]
 65246 | Depths:4 | Lost mutation: You do not regenerate when monsters are
                  | visible. [potion of mutation]
 65246 | Depths:4 | Lost mutation: You expend magic power (3 MP) to strengthen
                  | your wands. [potion of mutation]
 65246 | Depths:4 | Gained mutation: You expend magic power (3 MP) to
                  | strengthen your wands. [potion of mutation]
 65248 | Depths:5 | Entered Level 5 of the Depths
 65554 | Depths:5 | Identified the Compendium of Captivating Moulding
 65805 | Depths:5 | Found a gate to the Realm of Zot.
 66069 | Depths:5 | Reached XP level 25. HP: 175/175 MP: 23/23
 66322 | Depths:5 | Found a basalt altar of Yredelemnul.
 66338 | Depths:5 | Reached skill level 19 in Unarmed Combat
 66474 | Depths:5 | Found a gateway to a ziggurat.
 66650 | Depths:5 | Noticed a juggernaut
 66661 | Depths:5 | Killed a juggernaut
 66982 | Depths:5 | Lost mutation: You are somewhat resistant to further
                  | mutation. [potion of mutation]
 66982 | Depths:5 | Lost mutation: You expend magic power (3 MP) to strengthen
                  | your wands. [potion of mutation]
 66982 | Depths:5 | Gained mutation: You are very frail. (-20% HP) [potion of
                  | mutation]
 66982 | Depths:5 | Gained mutation: You expend magic power (3 MP) to
                  | strengthen your wands. [potion of mutation]
 66983 | Depths:5 | Lost mutation: You expend magic power (3 MP) to strengthen
                  | your wands. [potion of mutation]
 66983 | Depths:5 | Lost mutation: You are very frail. (-20% HP) [potion of
                  | mutation]
 66983 | Depths:5 | Lost mutation: You passively map a small area around you.
                  | [potion of mutation]
 66983 | Depths:5 | Gained mutation: Your system is resistant to poisons.
                  | (rPois) [potion of mutation]
 66983 | Depths:5 | Gained mutation: You passively map a small area around you.
                  | [potion of mutation]
 67068 | Depths:4 | Bought a wand of iceblast (9) for 273 gold pieces
 67068 | Depths:4 | Bought a wand of iceblast (8) for 252 gold pieces
 67068 | Depths:4 | Bought a wand of acid (8) for 504 gold pieces
 67068 | Depths:4 | Bought a box of beasts for 840 gold pieces
 67310 | Vaults:1 | Bought a wand of digging (6) for 380 gold pieces
 67310 | Vaults:1 | Bought a wand of acid (2) for 228 gold pieces
 67415 | Vaults:5 | Entered Level 5 of the Vaults
 67450 | Vaults:5 | Gained mutation: You can translocate small distances at
                  | will. [a shining eye]
 67720 | Vaults:5 | Noticed an ancient lich
 67830 | Vaults:5 | Reached XP level 26. HP: 125/183 MP: 10/23
 67840 | Vaults:5 | Killed an ancient lich
 67866 | Vaults:5 | Noticed an ancient lich
 67876 | Vaults:5 | Killed an ancient lich
 67893 | Vaults:5 | Reached skill level 20 in Unarmed Combat
 68465 | Vaults:5 | Found Jujul's Antique Armour Shoppe.
 68861 | Vaults:5 | Found Kuzoc's Book Shoppe.
 69098 | Vaults:5 | Found Jouxunn's Magic Scroll Shop.
 69103 | Vaults:5 | Bought a scroll of fear for 56 gold pieces
 69103 | Vaults:5 | Bought a scroll of silence for 120 gold pieces
 69103 | Vaults:5 | Bought a scroll of teleportation for 48 gold pieces
 69103 | Vaults:5 | Bought a scroll of enchant armour for 120 gold pieces
 69103 | Vaults:5 | Bought a scroll of enchant armour for 120 gold pieces
 69118 | Vaults:5 | Found Ubinamyi's Magic Scroll Emporium.
 69123 | Vaults:5 | Bought a scroll of teleportation for 33 gold pieces
 69123 | Vaults:5 | Bought a scroll of fog for 22 gold pieces
 69123 | Vaults:5 | Bought a scroll of fog for 22 gold pieces
 69218 | Vaults:5 | Got a silver rune of Zot
 69296 | Vaults:5 | Found Reuqaine's Gadget Shoppe.
 69302 | Vaults:5 | Bought a wand of enslavement (8) for 130 gold pieces
 69302 | Vaults:5 | Bought a wand of acid (8) for 312 gold pieces
 69871 | Zig:1    | Entered Level 1 of a ziggurat
 69902 | Zig:2    | Entered Level 2 of a ziggurat
 69975 | Zig:3    | Entered Level 3 of a ziggurat
 70030 | Zig:3    | Identified the Handbook of Ignition and Transmigration
 70033 | Zig:3    | Identified the Reference Book on Conjuration
 70043 | Zig:3    | Learned a level 6 spell: Invisibility
 70044 | Zig:4    | Entered Level 4 of a ziggurat
 70080 | Zig:5    | Entered Level 5 of a ziggurat
 70084 | Zig:5    | Noticed Luxzir the pandemonium lord
 70085 | Zig:5    | Found the +10 morningstar "Eos" {elec, Halo rElec}
 70102 | Zig:5    | Killed Luxzir the pandemonium lord
 70113 | Zig:5    | Identified the Reference Book on Stones
 70132 | Zig:6    | Entered Level 6 of a ziggurat
 70302 | Zig:6    | Gained mutation: A frigid envelope surrounds you and
                  | freezes all who hurt you. [demonic ancestry]
 70302 | Zig:6    | Reached XP level 27. HP: 175/175 MP: 23/23
 70319 | Zig:7    | Entered Level 7 of a ziggurat
 70532 | Zot:1    | Entered Level 1 of the Realm of Zot
 71045 | Zot:1    | Reached skill level 15 in Dodging
 71692 | Zot:1    | Noticed an orb of fire
 71698 | Zot:1    | Gained mutation: Your body sometimes deteriorates upon
                  | taking damage. [an orb of fire]
 71710 | Zot:1    | Killed an orb of fire
 72038 | Zot:1    | Found the ring of the Tortoise {AC+8}
 72065 | Zot:1    | Found the +0 pair of fencer's gloves {Riposte Dex+3}
 72083 | Zot:1    | Got a brightly glowing wooden ring
 72211 | Zot:1    | Identified the ring of Tender Moments {*Contam Will- MP+9
                  | Dex+10} (You found it on level 1 of the Realm of Zot)
 72695 | Zot:2    | Noticed an orb of fire
 72905 | Zot:2    | Gained mutation: You are very frail. (-20% HP) [an orb of
                  | fire]
 72907 | Zot:2    | Gained mutation: Your body often deteriorates upon taking
                  | damage. [an orb of fire]
 72909 | Zot:2    | Killed an orb of fire
 73059 | Zot:1    | Lost mutation: Your body often deteriorates upon taking
                  | damage. [potion of mutation]
 73059 | Zot:1    | Lost mutation: You are very frail. (-20% HP) [potion of
                  | mutation]
 73059 | Zot:1    | Lost mutation: You can translocate small distances at will.
                  | [potion of mutation]
 73059 | Zot:1    | Gained mutation: Scrolls take you a little longer to read.
                  | [potion of mutation]
 73059 | Zot:1    | Gained mutation: You are dopey. (Int -2) [potion of
                  | mutation]
 73059 | Zot:1    | Gained mutation: You are covered in fur. (AC +1) [potion of
                  | mutation]
 73059 | Zot:1    | Gained mutation: Your flesh is heat resistant. (rF+)
                  | [potion of mutation]
 73067 | Zot:1    | Reached skill level 15 in Shields
 74144 | Zot:2    | Paralysed by an apocalypse crab for 5 turns
 75202 | Zot:4    | Found a large runed translucent door.
 75202 | Zot:4    | Found a large runed translucent door.
 75531 | Zot:4    | Found the ring of Shadows {Umbra +Inv Stlth+}
 75533 | Zot:4    | Noticed Ugih's ghost (legendary MiFi)
 75779 | Zot:4    | Reached skill level 21 in Unarmed Combat
 76020 | Zot:5    | Entered Level 5 of the Realm of Zot
 76235 | Zot:5    | Noticed an orb of fire
 76269 | Zot:5    | Killed an orb of fire
 76271 | Zot:5    | Reached skill level 22 in Unarmed Combat
 76899 | Zot:5    | Reached skill level 23 in Unarmed Combat
 77085 | Zot:5    | Noticed an ancient lich
 77101 | Zot:5    | Killed an ancient lich
 77135 | Zot:5    | Noticed an orb of fire
 77152 | Zot:5    | Killed an orb of fire
 77561 | Zot:5    | Noticed an ancient lich
 77573 | Zot:5    | Noticed an orb of fire
 77579 | Zot:5    | Killed an ancient lich
 77581 | Zot:5    | Killed an orb of fire
 77616 | Zot:5    | Noticed an ancient lich
 77621 | Zot:5    | Killed an ancient lich
 78031 | Zot:5    | Got the Orb of Zot
 78213 | Depths:5 | Noticed Plog the pandemonium lord
 78572 | D:$      | Escaped with the Orb!

Illustrated notes

Levels and vault maps discovered:
D:1:      dpeg_arrival_refuge, layout_basic
D:2:      layout_basic, serial_undead, serial_undead_d, serial_undead_b,
          serial_undead_c, serial_undead_f, serial_undead_b, serial_undead_f,
          serial_undead_d, minmay_misc_feat_pillars,
          nicolae_qazlal_general_emergency, uniq_crazy_yiuf_cottage,
          uniq_natasha, uniq_robin
D:3:      layout_rooms, nicolae_ru_the_path_less_chosen, uniq_jessica,
          uniq_grinder
D:4:      layout_gridville, kennysheep_mini_moat, minmay_divided_ellipse
D:5:      layout_layer_cave, lemuel_coloured_pillars_altar,
          minmay_temple_entry_poolview
D:6:      layout_loops_corners, yredelemnul_altar_generic,
          general_overflow_altar, chequers_temple_overflow_statue_of_worship,
          cheibrodos_sewer_entry_sluice, serial_park_tiny_1,
          chequers_serial_rivers_micro_d
D:7:      layout_gridville, serial_bayou_pond_d, grunt_decor_clamped
D:8:      layout_rooms, minmay_evil_grid, uniq_prince_ribbit1, uniq_grum,
          uniq_joseph
D:9:      layout_irregular_city, grunt_lair_entry_orc_guard_hut, basic_altar,
          nicolae_elemental_shop
D:10:     layout_basic
D:11:     layout_stronghold, portal_ice_cave_demonic_guard, serial_shops, shop
D:12:     layout_loops_ring, erik_orc_3, gauntlet_entry_generic, serial_glass,
          glass_columns_a, glass_columns_a
D:13:     layout_basic, erik_vaults_1, gammafunk_ghost_split
D:14:     layout_rooms, fedhas_altar_1
D:15:     hangedman_depths_entry_civil_slaughter, layout_small_grid, drop_trap,
          uniq_rupert
Temple:   nicolae_temple_figure_eight
Lair:1:   layout_cave_pods, grunt_megastairs_4
Lair:2:   layout_regular_city, minmay_swamp_entry_worms, basic_altar,
          nicolae_volcano_entry_lava_flow, grunt_megastairs_3,
          serial_bayou_shore_a, lemuel_fruit_tree
Lair:3:   layout_hall_layers, minmay_snake_entry_six_corridors,
          infiniplex_staircase_pool
Lair:4:   layout_cave_pods
Lair:5:   layout_cave_pods, patterned_corridor, uniq_sonja
Lair:6:   hangedman_lair_tendril_chambers, layout_loops_ring,
          guppyfry_lair_end_dragon, nicolae_slime_entry_slimehenge,
          gammafunk_ghost_abyssal_escape
Swamp:1:  layout_basic_swamp, evilmike_swamp_ruin_house_1, swamp_pool2
Swamp:2:  layout_basic_swamp, evilmike_swamp_ruin_house_4, swamp_pool3,
          hangedman_swamp_diagram
Swamp:3:  layout_basic_swamp, evilmike_swamp_ruin_house_2, swamp_pool4
Swamp:4:  byrel_swamp_growth_death_and_undeath, layout_basic_swamp, uniq_roxanne
Snake:1:  layout_gridlike, grunt_megastairs_5, minmay_shop_star,
          serial_bayou_shore_b, uniq_aizul, uniq_azrael
Snake:2:  layout_gridlike, uniq_agnes, uniq_nikola
Snake:3:  layout_rooms, ebering_ghost_reflecting_pool, grunt_ministairs_9,
          st_stairs_7, drop_trap
Snake:4:  johnstein_snake_rune_scales, layout_onion, st_stairs_1,
          grunt_megastairs_2
Orc:1:    layout_diamond_mine, gammafunk_ghost_berserking_beasts,
          bh_open_orc_temple
Orc:2:    grunt_orc_cross, layout_caves, uniq_jorgrun
Elf:1:    layout_rooms, hangedman_elven_crosses_minicolossus
Elf:2:    layout_geoelf_diagonals
Elf:3:    minmay_elf_hall_furrowed, layout_geoelf_grid, serial_shops, shop,
          nicolae_elf_glass_and_crystal_pillar_1
Vaults:1: vaults_room_octagon, st_greater_box_3, hangedman_vaults_nails,
          ontoclasm_vaults_ring_small, v_misc_2, nicolae_vaults_big_ls,
          ontoclasm_vaults_pinch, vaults_mumra_chevron_long,
          vaults_mumra_hexcomb, v_alt_pattern_1, nicolae_vaults_theta,
          vaults_dpeg_hooks, layout_vaults_maze_bifur, serial_shops, shop,
          uniq_saint_roka
Vaults:2: v_misc_11, hangedman_vaults_nails, gammafunk_the_bubble
          [the_bubble_gammafunk_crates], v_misc_11,
          nicolae_vaults_little_squares_6, hangedman_vaults_impose,
          ontoclasm_vaults_twist, vaults_room_door_hall,
          nicolae_vaults_mini_display_case, v_misc_11, vaults_room_octagon,
          layout_vaults_omnibox, serial_glass, portal_desolation_entry_garden
Vaults:3: nicolae_vaults_inception_corners, nicolae_vaults_little_squares_1,
          hangedman_vaults_nails, v_pattern_3, hangedman_vaults_capsules,
          vaults_door_vault, v_misc_16, grunt_vaults_hallway_long,
          hangedman_vaults_maws, layout_vaults_big_room,
          minmay_crypt_entry_necro_gods, uniq_sojobo
Vaults:4: vaults_room_fancy_cross, ontoclasm_vaults_ring_square,
          nicolae_vaults_diagonal_hallway_7, v_rooms_1, ontoclasm_vaults_eye,
          vaults_room_pool, layout_vaults_quadrants
Vaults:5
Depths:1: layout_cave_pools, corexii_hall_statues_i, hell_entry,
          due_unseen_surprise, firewood_loft, serial_bayou_shore_b,
          serial_bayou_shore_b
Depths:2: hourglass_vault, layout_cave_shapes, hell_entry, abyss_entry,
          grunt_decor_cap, infiniplex_staircase_river, serial_bayou_shore_b,
          uniq_bai_suzhen
Depths:3: onia_ninara_swampy_vault, layout_basic, pan_entry, grunt_metal_band,
          serial_aquarium, aquarium_bridge_square [aquarium_subvault_wall,
          aquarium_subvault_bridge, aquarium_subvault_bridge,
          aquarium_subvault_wall], aquarium_window_2, aquarium_window_corner,
          aquarium_window_corridor_1, aquarium_window_2, aquarium_view_2f,
          aquarium_view_2d, aquarium_pool_corner, serial_bayou_lagoon_a
Depths:4: kennysheep_demon_jail, layout_basic, abyss_entry,
          amcnicky_mini_rare_corridor_liquid, hell_entry,
          ploomutoo_gammafunk_ghost_potion_laboratory, minmay_shop_grove,
          infiniplex_staircase_zigzag_3, serial_bayou_shore_b,
          serial_bayou_shore_b
Depths:5: grunt_zot_entry_alcove, layout_basic, enter_ziggurat_b,
          minmay_misc_feat_rugged, pf_hell_entry_tar_river, special_room
          [special_room_magic_class], hangedman_blasphemy
Zot:1:    kennysheep_ambush_hall, layout_cathedral_of_symmetry,
          st_large_dragon_hoard_2
Zot:2:    gammafunk_mikee_crab_dinner, layout_misc_corridors
Zot:3:    layout_misc_corridors, hangedman_zot_diagonal_lockstep,
          hangedman_hellfire_club
Zot:4:    layout_misc_corridors, ebering_ghost_disaster_area
Zot:5:    layout_gridlike, grunt_ministairs_1, st_stairs_5

Skill      XL: |  1  2  3  4  5  6  7  8  9 10 11 12 13 14 15 16 17 18 19 20 21 22 23 24 25 26 27 |
---------------+----------------------------------------------------------------------------------+-----
Short Blades   | 1 |  1.0
Long Blades    | 2 3 4 5 6 8 9 10 11 14 13 | 13.9
Dodging        | 3 5 6 8 9 9 10 11 12 13 18 | 18.1
Armour         | 2 4 6 7 8 10 10 11 12 13 14 17 18 19 20 | 20.1
Fighting       | 4 6 7 9 10 10 11 12 13 14 15 16 17 | 17.4
Crossbows      | 3 5 6 8 9 10 11 12 | 12.0
Evocations     | 2 4 5 7 8 9 10 11 12 13 | 13.6
Stealth        | 0 |  0.0
Unarmed Combat | 5 11 15 17 18 19 20 23 | 23.8
Shields        | 2 8 12 13 14 16 | 16.9

Action                   |  1- 3 |  4- 6 |  7- 9 | 10-12 | 13-15 | 16-18 | 19-21 | 22-24 | 25-27 || total
-------------------------+-------+-------+-------+-------+-------+-------+-------+-------+-------++-------
Melee: Falchion          |     6 |       |       |       |       |       |       |       |       ||     6
       Long sword        |    63 |    97 |   241 |   341 |       |       |       |       |       ||   742
       Kick              |    17 |    30 |   102 |   181 |   339 |   426 |   470 |   446 |   558 ||  2569
       Dagger            |       |     3 |    20 |       |       |       |       |       |       ||    23
       Short sword       |       |       |    20 |    14 |       |       |       |       |       ||    34
       Scimitar          |       |       |       |    77 |   705 |   894 |   320 |       |       ||  1996
       Great sword       |       |       |       |       |       |       |   527 |       |       ||   527
       Punch             |       |       |       |       |       |       |    13 |    15 |       ||    28
       Unarmed           |       |       |       |       |       |       |    75 |  1198 |  1326 ||  2599
 Fire: Arbalest          |       |       |       |   191 |   375 |   650 |   152 |       |       ||  1368
       Triple crossbow   |       |       |       |       |       |       |   450 |   103 |       ||   553
       Hand crossbow     |       |       |       |       |       |       |       |   379 |   179 ||   558
Throw: Dart              |       |     5 |     3 |     7 |       |     1 |     1 |       |       ||    17
Invok: Sacrifice Essence |       |       |       |     1 |     1 |       |       |       |       ||     2
       Power Leap        |       |       |       |     6 |    19 |    14 |    16 |    11 |     7 ||    73
       Sacrifice Health  |       |       |       |     1 |       |       |       |       |       ||     1
       Sacrifice Arcana  |       |       |       |     1 |       |       |       |       |       ||     1
       Reject Sacrifices |       |       |       |       |     1 |       |       |       |       ||     1
       Apocalypse        |       |       |       |       |     2 |     3 |     7 |     6 |     9 ||    27
       Sacrifice Stealth |       |       |       |       |     1 |       |       |       |       ||     1
       Sacrifice Skill   |       |       |       |       |     1 |       |       |       |       ||     1
       Draw Out Power    |       |       |       |       |       |     2 |       |       |     1 ||     3
Evoke: Wand              |     3 |       |     2 |     7 |     7 |    30 |    16 |    34 |    55 ||   154
       Phial of floods   |       |       |       |     1 |     2 |     2 |     4 |     2 |     5 ||    16
       Phantom mirror    |       |       |       |       |     1 |       |       |       |     4 ||     5
       Lightning rod     |       |       |       |       |       |     4 |     5 |     6 |     3 ||    18
       Tin of tremorston |       |       |       |       |       |     1 |     2 |     1 |     3 ||     7
       Box of beasts     |       |       |       |       |       |       |     5 |     4 |    10 ||    19
       Condenser vane    |       |       |       |       |       |       |     3 |     7 |    16 ||    26
  Use: Scroll            |     5 |     3 |    11 |     9 |    11 |    15 |    18 |    12 |    23 ||   107
       Potion            |     3 |       |       |     7 |       |     7 |     2 |     4 |    27 ||    50
 Stab: Sleeping          |     6 |     8 |    15 |       |       |       |       |       |       ||    29
       Distracted        |       |     2 |       |     1 |     3 |     3 |     9 |     9 |     5 ||    32
       Invisible         |       |     1 |     1 |     6 |    11 |    16 |     9 |     6 |     8 ||    58
       Paralysed         |       |       |       |       |    10 |     7 |    14 |    13 |    15 ||    59
       Betrayed ally     |       |       |       |       |       |     1 |     1 |       |       ||     2
Armor: Leather armour    |    13 |     7 |     3 |       |       |       |       |       |       ||    23
       Chain mail        |       |       |     7 |       |       |       |   148 |       |       ||   155
       Ring mail         |       |       |    88 |    85 |       |       |       |       |       ||   173
       Plate armour      |       |       |       |    46 |   287 |   492 |   121 |       |       ||   946
       Storm dragon scal |       |       |       |       |       |       |    25 |   385 |   288 ||   698
Dodge: Dodged            |    36 |    44 |   178 |   217 |   360 |   636 |   648 |   370 |   278 ||  2767
       Repelled          |       |       |       |       |     2 |     5 |       |       |       ||     7
Block: Tower shield      |       |       |       |       |       |       |       |   685 |   867 ||  1552
       Rpst.: Long sword |     9 |    15 |    41 |    45 |       |       |       |       |       ||   110
       Falchion          |     2 |       |       |       |       |       |       |       |       ||     2
       Scimitar          |       |       |       |     7 |    71 |    80 |    27 |       |       ||   185
       Great sword       |       |       |       |       |       |       |    89 |       |       ||    89
